 Dungeon Crawl Stone Soup version 0.28-a0-834-g1a73be5ee4 (webtiles) character file.

Game seed: 12376089723349549057

1561 bjtr the Conjurer (level 9, -4/65 HPs)
             Began as a Human Conjurer on Nov 12, 2021.
             Was an Initiate of Vehumet.
             Killed from afar by a steam dragon (25 damage)
             ... with a ball of steam
             ... on level 6 of the Dungeon.
             The game lasted 00:22:38 (5556 turns).

bjtr the Conjurer (Human Conjurer)                  Turns: 5556, Time: 00:22:39

Health: -4/65      AC:  6    Str: 16    XL:     9   Next: 13%
Magic:  12/14      EV: 12    Int: 27    God:    Vehumet [......]
Gold:   265        SH:  5    Dex: 12    Spells: 11/15 levels left

rFire   . . .      SeeInvis .   z - +7 hand axe "Evvopsuf" {drain, *Slow Will+ rCorr Str+2}
rCold   . . .      Faith    .   s - +0 buckler
rNeg    . . .      Spirit   .   h - +0 leather armour
rPois   .          Reflect  .   (no helmet)
rElec   .          Harm     .   i - +1 cloak
rCorr   +          Rampage  .   (no gloves)
Will    +....                   g - +0 pair of boots
Stlth   ++........              u - amulet of magic regeneration
HPRegen 0.20/turn               j - +6 ring of intelligence
MPRegen 0.39/turn               x - +6 ring of strength

@: no status effects
A: no striking features
a: Renounce Religion


You were on level 6 of the Dungeon.
You worshipped Vehumet.
Vehumet was noncommittal.
You visited 2 branches of the dungeon, and saw 7 of its levels.

You collected 265 gold pieces.

Inventory:

Hand Weapons
 b - a +0 spear
 c - a +0 dagger of protection
 q - a +0 dire flail of protection
 w - a +0 quarterstaff
 z - the +7 hand axe "Evvopsuf" (weapon) {drain, *Slow Will+ rCorr Str+2}
   (You found it on level 4 of the Dungeon)

   A truly terrible weapon, it drains the life of any living foe it strikes.
   Str:       It affects your strength (+2).
   rCorr:     It protects you from acid and corrosion.
   *Slow:     It may slow you when you take damage.
   Will:      It increases your willpower.
 A - a +1 dagger of speed
Missiles
 d - 102 stones
 r - 24 poisoned darts
 y - 48 bolts
Armour
 a - a +0 robe
 f - a scarf of invisibility
 g - a +0 pair of boots (worn)
 h - a +0 leather armour (worn)
 i - a +1 cloak (worn)
 k - a +0 tower shield
 o - a +0 ring mail
 s - a +0 buckler (worn)
 B - the +4 scale mail of Eternity {+Blink rPois Dex+2}
   (You found it on level 4 of the Dungeon)

   Dex:       It affects your dexterity (+2).
   rPois:     It protects you from poison.
   +Blink:    It lets you blink.
Jewellery
 e - a ring of resist corrosion
 j - a +6 ring of intelligence (left hand)
 u - an amulet of magic regeneration (around neck)
 x - a +6 ring of strength (right hand)
Wands
 m - a wand of acid (6)
 t - a wand of flame (16)
Scrolls
 l - a scroll of teleportation
 v - a scroll of amnesia
 E - a scroll of immolation {unknown}
 F - a scroll of fear {unknown}
 G - a scroll of noise {unknown}
 H - a scroll of summoning {unknown}
Potions
 n - a potion of mutation {unknown}
 p - a potion of lignification
 D - 4 potions of curing {unknown}


   Skills:
 + Level 4.0 Fighting
 + Level 4.0 Armour
 + Level 3.7 Dodging
 + Level 2.1 Stealth
 - Level 4.0 Shields
 + Level 3.7 Spellcasting
 * Level 6.3 Conjurations
 * Level 3.4 Fire Magic


You had 11 spell levels left.
You knew the following spells:

 Your Spells              Type           Power      Damage    Failure   Level
a - Magic Dart            Conj           100%       1d8       1%          1
b - Searing Ray           Conj           78%        2d7       1%          2
c - Foxfire               Conj/Fire      100%       2x1d9     1%          1

Your spell library contained the following spells:

 Spells                   Type           Power      Damage    Failure   Level
 Freeze                   Ice            20%        1d4       10%         1
 Conjure Flame            Conj/Fire      31%        6-21      3%          3
 Dazzling Flash           Conj/Hex       44%        N/A       8%          3
 Flame Wave               Conj/Fire      31%        3d7       13%         4
 Inner Flame              Hex/Fire       14%        N/A       14%         3
 Fulminant Prism          Conj/Hex       11%        3d9       26%         4
 Iskenderun's Mystic Bla  Conj/Tloc      22%        2d6       26%         4
 Portal Projectile        Hex/Tloc       10%        N/A       28%         3
 Blade Hands              Tmut           2%         N/A       95%         5
 Excruciating Wounds      Necr           2%         N/A       95%         5


Dungeon Overview and Level Annotations

Branches:
Dungeon (6/15)             Temple (1/1) D:4

Altars:
Cheibriados
Dithmenos
Elyvilon
Fedhas
Gozag
Hepliaklqana
Kikubaaqudgha
Makhleb
Nemelex Xobeh
Okawaru
Ru
Sif Muna
Trog
Uskayaw
Vehumet
Xom
Yredelemnul
Zin
The Shining One

Annotations:
D:6 1 transporter, lawman0's ghost, novice DrWz


Message History

You start resting.
You can no longer gain magical power from killing.
You start resting.
HP restored.
Found a stone staircase leading down.
A steam dragon is nearby!
Casting: Searing Ray (safe; 1% risk of failure)
Confirm with . or Enter, or press ? or * to list all spells.
Aiming: Searing Ray (safe; 1% risk of failure)
Press: ? - help, Shift-Dir - straight line, f - steam dragon
Aim: a steam dragon (wandering, hasn't noticed you, 81% to hit)
The searing ray hits the steam dragon.
The steam dragon is lightly wounded.
The steam dragon hisses angrily. (Press . to maintain the ray.)
The steam dragon breathes steam at you. The ball of steam hits you!!
The searing ray misses the steam dragon.
You are engulfed in a cloud of scalding steam.
The searing ray misses the steam dragon.
You are engulfed in a cloud of scalding steam.
The searing ray hits the steam dragon.
The steam dragon is moderately wounded.
You finish channelling your searing ray.
A centaur zombie comes into view.
The steam dragon bites you. You block the steam dragon's attack.
You completely miss the steam dragon.
The steam dragon is moderately wounded.
The steam dragon closely misses you.
The steam dragon claws you but does no damage.
You barely miss the steam dragon.
The steam dragon is moderately wounded.
The steam dragon misses you.
The steam dragon claws you but does no damage.
Unknown command.
You slash the steam dragon!
The steam dragon is heavily wounded.
The steam dragon breathes steam at you. The ball of steam hits you!!
You die...

#................##........
..#
#................##........
.
##....##.........##.#......
#....##+#####....#...###..
. #......... #......### #
.. #......... #.....##♣ ..
#......... #.....# ..
#......... #....## .
#......... #.D@.#
###...#..........#
...#...........# ....
.....Z....# .......#...
.......#.... .......##....
....... .....


You could see a steam dragon (catching breath) and a centaur zombie.

Vanquished Creatures
  Edmund (D:4)
  A water moccasin (D:5)
  A black bear (D:6)
  A necrophage (D:6)
  A sky beast (D:5)
  2 ogres (D:4)
  2 centaurs
  A bullfrog (D:4)
  A scorpion (D:4)
  3 water moccasin zombies
  An orc priest (D:4)
  4 hounds
  3 jellies
  A centaur skeleton (D:6)
  3 scorpion zombies
  2 hound skeletons (D:4)
  2 adders
  2 white imps (D:6)
  2 ufetubi (D:5)
  A worm (D:2)
  A dart slug (D:4)
  An orc (D:4)
  3 endoplasms
  2 giant cockroaches
  3 hobgoblins
  2 jackals (D:1)
  4 kobolds
  5 quokkas
  4 ball pythons
  3 bats
  9 goblins
  4 rats
76 creatures vanquished.

Vanquished Creatures (others)
  A rat (D:3)
  A demonic plant (D:3)
  16 foxfires (D:4)
  A plant (D:3)
  2 withered plants (D:3)
21 creatures vanquished.

Grand Total: 97 creatures vanquished

Notes
Turn   | Place    | Note
-------+----------+-------------------------------------------
     0 | D:1      | bjtr the Human Conjurer began the quest for the Orb.
     0 | D:1      | Reached XP level 1. HP: 13/13 MP: 3/3
   108 | D:1      | Reached XP level 2. HP: 18/19 MP: 0/5
   275 | D:1      | Learned a level 2 spell: Searing Ray
   628 | D:1      | Reached XP level 3. HP: 24/24 MP: 4/6
   986 | D:2      | Found a blossoming altar of Fedhas.
  2025 | D:3      | Found a faded altar of an unknown god.
  2245 | D:3      | Found a white marble altar of Elyvilon.
  2364 | D:4      | Noticed an ogre
  2371 | D:4      | Killed an ogre
  2372 | D:4      | Reached skill level 1 in Fighting
  2372 | D:4      | Reached skill level 1 in Armour
  2372 | D:4      | Reached skill level 1 in Shields
  2372 | D:4      | Reached skill level 5 in Conjurations
  2372 | D:4      | Reached skill level 1 in Fire Magic
  2372 | D:4      | Reached XP level 4. HP: 28/32 MP: 1/7
  2372 | D:4      | Reached XP level 5. HP: 32/37 MP: 1/8
  2433 | D:4      | Learned a level 1 spell: Foxfire
  2478 | D:4      | Reached XP level 6. HP: 43/43 MP: 5/9
  2496 | D:4      | Identified the +7 hand axe "Evvopsuf" {drain, *Slow Will+
                  | rCorr Str+2}
  2679 | D:4      | Noticed an ogre
  2688 | D:4      | Killed an ogre
  2692 | D:4      | Reached XP level 7. HP: 50/50 MP: 1/11
  2931 | D:4      | Identified the +4 scale mail of Eternity {+Blink rPois
                  | Dex+2}
  2933 | D:4      | Noticed Edmund
  2975 | D:4      | Killed Edmund
  3174 | D:4      | Found a staircase to the Ecumenical Temple.
  3180 | Temple   | Entered the Ecumenical Temple
  3371 | Temple   | Became a worshipper of Vehumet
  3662 | D:5      | Entered Level 5 of the Dungeon
  3723 | D:5      | Found a snail-covered altar of Cheibriados.
  3827 | D:5      | Reached XP level 8. HP: 57/57 MP: 8/12
  3969 | D:5      | Reached skill level 6 in Conjurations
  4949 | D:6      | Reached XP level 9. HP: 65/65 MP: 7/14
  4981 | D:6      | Reached * piety under Vehumet
  4981 | D:6      | Offered knowledge of Freeze by Vehumet.
  5198 | D:6      | Noticed lawman0's ghost (novice DrWz)
  5199 | D:6      | Found a transporter.
  5209 | D:6      | Found an ancient bone altar of Kikubaaqudgha.
  5217 | D:6      | HP: 3/65 [steam dragon] (9)]
  5556 | D:6      | Killed from afar by a steam dragon

Illustrated notes

Levels and vault maps discovered:
D:1:      lightli_arrival_isolated_outpost, layout_basic
D:2:      layout_rooms, basic_altar
D:3:      layout_basic, elyvilon_altar_4, shapermc_ecumenical_altar_gd
D:4:      layout_loops_cross, minmay_temple_entry_proselytizer,
          hangedman_abyss_or_decor_stabs, minmay_misc_feat_five, uniq_edmund
D:5:      layout_loops_ring, overflow_temple_1_default
D:6:      cheibrodos_iron_armory, layout_basic, mainiacjoe_overflow_boulevard,
          gammafunk_ghost_smash, dk_vineyard_3
Temple:   regret_index_temple_sphere_string

Skill      XL: |  1  2  3  4  5  6  7  8  9 |
---------------+----------------------------+-----
Fighting       | 1 2 3 4 |  4.0
Armour         | 1 2 3 4 |  4.0
Shields        | 1 2 3 4 |  4.0
Conjurations   | 5 6 |  6.3
Fire Magic     | 1 2 3 |  3.4
Dodging        | 3 |  3.7
Spellcasting   | 3 |  3.7
Stealth        | |  2.1

Action                   |  1- 3 |  4- 6 |  7- 9 || total
-------------------------+-------+-------+-------++-------
Melee: Spear             |    86 |    16 |       ||   102
       Hand axe          |       |     8 |    91 ||    99
 Cast: Magic Dart        |    38 |       |       ||    38
       Searing Ray       |     8 |     6 |    21 ||    35
       Foxfire           |       |       |     9 ||     9
Evoke: Wand              |       |       |     1 ||     1
  Use: Scroll            |     7 |       |     2 ||     9
       Potion            |       |       |     2 ||     2
 Stab: Sleeping          |       |       |     2 ||     2
Armor: Robe              |     4 |       |       ||     4
       Leather armour    |     9 |     7 |    33 ||    49
Dodge: Dodged            |    55 |    15 |    71 ||   141
Block: Buckler           |     7 |     3 |    25 ||    35

Table legend: (Time is in decaauts)
 A = Elapsed time spent in this place.
 B = Non-inter-level travel time spent in this place.
 C = Inter-level travel time spent in this place.
 D = Time resting spent in this place.
 E = Time spent auto-exploring this place.
 F = Levels seen in this place.
 G = Mean time per level.
                   A        B        C        D        E       F      G
               +--------+--------+--------+--------+--------+-----+--------+
         Total |   5621 |   5527 |     94 |   1326 |   3141 |   7 |  803.0 |
       Dungeon |   5413 |   5334 |     79 |   1326 |   2978 |   6 |  902.2 |
        Temple |    207 |    192 |     15 |      0 |    163 |   1 |  207.0 |
               +--------+--------+--------+--------+--------+-----+--------+

Top non-repeatable levels by time:
     D:4: 1133 daAuts
     D:5: 1123 daAuts
     D:1: 979 daAuts
     D:6: 797 daAuts
     D:2: 796 daAuts
     D:3: 584 daAuts
  Temple: 207 daAuts
